| TOP OF THE 1ST |
|
Milwaukee Brewers batting - Pitching for Baltimore Orioles : RHP Rick Reuschel
|
|
Pitching: RHP Rick Reuschel
|
|
|
Batting: LHB Von Hayes
|
0-0: Ball 1-0: Ball 2-0: Called Strike 2-1: Ball 3-1: Base on Balls
|
|
Batting: SHB Eddie Murray
|
0-0: Called Strike 0-1: Ball 1-1: Fly out, F9 (Flyball, 89D, EV 89.4 MPH)
|
|
Batting: RHB Eric Davis
|
0-0: Ball 1-0: Swinging Strike 1-1: Foul Ball, location: 2F 1-2: Ball 2-2: Ball 3-2: Foul Ball, location: 2F 3-2: Reached on error, E9 (Line Drive, 9D, EV 92.5 MPH) Von Hayes to third
|
|
Batting: RHB Mike Schmidt
|
0-0: Ball 1-0: Ball 2-0: Ball 3-0: Base on Balls
|
|
Batting: RHB Glenn Davis
|
0-0: Ball 1-0: Foul Ball, location: 2F 1-1: Ball 2-1: SINGLE (Flyball, 5D, EV 91.9 MPH) Von Hayes scores Eric Davis to third Mike Schmidt to second
|
|
Batting: RHB Steve Sax
|
0-0: Called Strike 0-1: Foul Ball, location: 2F 0-2: Ball 1-2: Fly out, F8 (Flyball, 89M, EV 86.9 MPH) Runner from 3rd tags up, SCORES, throw by CF
|
|
Batting: RHB Ken Landreaux
|
0-0: Ball 1-0: Ball 2-0: Called Strike 2-1: Ball 3-1: SINGLE (Groundball, 4MD, EV 99.4 MPH) (infield hit) Mike Schmidt to third Glenn Davis to second
|
|
Batting: RHB Kevin Buckley
|
0-0: Swinging Strike 0-1: Ball 1-1: Swinging Strike 1-2: Foul Ball, location: 2F 1-2: Ball 2-2: Fielders Choice at 2nd, U4 (Groundball, 4M, EV 99.4 MPH)
|
| Top of the 1st over - 2 runs, 2 hits, 1 error, 3 left on base; Milwaukee 2 - Baltimore 0 |
| BOTTOM OF THE 1ST |
|
Baltimore Orioles batting - Pitching for Milwaukee Brewers : LHP Gary Lucas
|
|
Pitching: LHP Gary Lucas
|
|
|
Batting: RHB Gerry Davis
|
0-0: Ball 1-0: Ball 2-0: Ball 3-0: Called Strike 3-1: Foul Ball, location: 2F 3-2: Base on Balls
|
|
Batting: RHB Ron Cey
|
0-0: Foul Ball, location: 2F 0-1: Ball 1-1: Ball 2-1: Ball Gerry Davis steals 2nd base 3-1: Fly out, F8 (Line Drive, 8RM, EV 90.0 MPH)
|
|
Batting: SHB Steve R Ontiveros
|
0-0: Called Strike 0-1: Fly out, F9 (Line Drive, 9, EV 110.6 MPH)
|
|
Batting: LHB Sid Bream
|
0-0: Ball 1-0: Foul Ball, location: 2F 1-1: Foul Ball, location: 2F 1-2: SINGLE (Groundball, 6MD, EV 95.6 MPH) Gerry Davis to third Runner from 3rd tries for Home, SAFE, throw by CF to home
|
|
Batting: SHB Mike Hart
|
0-0: Ball 1-0: Called Strike 1-1: Called Strike 1-2: Ground out 4-3 (Groundball, 4, EV 87.5 MPH)
|
| Bottom of the 1st over - 1 run, 1 hit, 0 errors, 1 left on base; Milwaukee 2 - Baltimore 1 |
| TOP OF THE 2ND |
|
Milwaukee Brewers batting - Pitching for Baltimore Orioles : RHP Rick Reuschel
|
|
Batting: SHB Alfredo Griffin
|
0-0: Ground out U3 (Groundball, 3S, EV 88.1 MPH)
|
|
Batting: LHB Von Hayes
|
0-0: Foul Ball, location: 2F 0-1: Ball 1-1: Fly out, F7 (Flyball, 78XD, EV 97.5 MPH)
|
|
Batting: SHB Eddie Murray
|
0-0: SINGLE (Groundball, 25, EV 65.6 MPH) (infield hit)
|
|
Batting: RHB Eric Davis
|
0-0: Called Strike 0-1: Foul Ball, location: 2F 0-2: Fly out, F8 (Flyball, 8LD, EV 91.9 MPH)
|
| Top of the 2nd over - 0 runs, 1 hit, 0 errors, 1 left on base; Milwaukee 2 - Baltimore 1 |
| BOTTOM OF THE 2ND |
|
Baltimore Orioles batting - Pitching for Milwaukee Brewers : LHP Gary Lucas
|
|
Batting: RHB Matt Rice
|
0-0: SINGLE (Groundball, 25, EV 69.4 MPH) (infield hit)
|
|
Batting: RHB Mark Brouhard
|
0-0: Foul Ball, location: 2F 0-1: Fly out, F9 (Flyball, 9LM, EV 84.4 MPH)
|
|
Batting: RHB Dennis Werth
|
0-0: Ball 1-0: Ball 2-0: Grounds into double play, 5-4-3 (Groundball, 56, EV 100.0 MPH)
|
| Bottom of the 2nd over - 0 runs, 1 hit, 0 errors, 0 left on base; Milwaukee 2 - Baltimore 1 |
| TOP OF THE 3RD |
|
Milwaukee Brewers batting - Pitching for Baltimore Orioles : RHP Rick Reuschel
|
|
Batting: RHB Mike Schmidt
|
0-0: Ball 1-0: Foul Ball, location: 2F 1-1: Ball 2-1: SINGLE (Groundball, 56D, EV 97.5 MPH)
|
|
Batting: RHB Glenn Davis
|
0-0: Ball 1-0: Foul Ball, location: 2F 1-1: Called Strike 1-2: Foul Ball, location: 2F 1-2: Ball 2-2: Foul Ball, location: 2F 2-2: Strikes out swinging
|
|
Batting: RHB Steve Sax
|
0-0: Fly out, F9 (Flyball, 9, EV 91.9 MPH)
|
|
Batting: RHB Ken Landreaux
|
0-0: Ball 1-0: Ball 2-0: Ball 3-0: Called Strike 3-1: Called Strike 3-2: Base on Balls Mike Schmidt to second
|
|
Batting: RHB Kevin Buckley
|
0-0: Foul Ball, location: 2F 0-1: Fly out, F7 (Flyball, 7, EV 77.5 MPH)
|
| Top of the 3rd over - 0 runs, 1 hit, 0 errors, 2 left on base; Milwaukee 2 - Baltimore 1 |
| BOTTOM OF THE 3RD |
|
Baltimore Orioles batting - Pitching for Milwaukee Brewers : LHP Gary Lucas
|
|
Batting: RHB Marty G Barrett
|
0-0: Ball 1-0: Ground out 6-3 (Groundball, 6M, EV 103.8 MPH)
|
|
Batting: RHB Gerry Davis
|
0-0: Ball 1-0: Ground out 4-3 (Groundball, 4, EV 100.6 MPH)
|
|
Batting: RHB Ron Cey
|
0-0: Ball 1-0: Foul Ball, location: 2F 1-1: Called Strike 1-2: Ball 2-2: Foul Ball, location: 2F 2-2: Ball 3-2: Ground out 5-3 (Groundball, 5, EV 79.4 MPH)
|
| Bottom of the 3rd over - 0 runs, 0 hits, 0 errors, 0 left on base; Milwaukee 2 - Baltimore 1 |
| TOP OF THE 4TH |
|
Milwaukee Brewers batting - Pitching for Baltimore Orioles : RHP Rick Reuschel
|
|
Batting: SHB Alfredo Griffin
|
0-0: Swinging Strike 0-1: Foul Ball, location: 2F 0-2: Ball 1-2: Ball 2-2: Ball 3-2: Base on Balls
|
|
Batting: LHB Von Hayes
|
0-0: Foul Ball, location: 2F 0-1: Ball 1-1: Foul Ball, location: 2F 1-2: Strikes out swinging
|
|
Batting: SHB Eddie Murray
|
0-0: Ball 1-0: Foul Ball, location: 2F 1-1: Fly out, F7 (Flyball, 7S, EV 83.8 MPH)
|
|
Batting: RHB Eric Davis
|
0-0: Swinging Strike 0-1: Ball 1-1: Foul Ball, location: 2F 1-2: Ball 2-2: Foul Ball, location: 2F 2-2: Foul Ball, location: 2F 2-2: Foul Ball, location: 2F 2-2: Ball 3-2: 2-RUN HOME RUN (Flyball, 9D, EV 94.4 MPH), Distance : 381 ft
|
|
Batting: RHB Mike Schmidt
|
0-0: Called Strike 0-1: Called Strike 0-2: Strikes out looking
|
| Top of the 4th over - 2 runs, 1 hit, 0 errors, 0 left on base; Milwaukee 4 - Baltimore 1 |
| BOTTOM OF THE 4TH |
|
Baltimore Orioles batting - Pitching for Milwaukee Brewers : LHP Gary Lucas
|
|
Batting: SHB Steve R Ontiveros
|
0-0: DOUBLE (Flyball, 89D, EV 95.6 MPH)
|
|
Batting: LHB Sid Bream
|
0-0: Ball 1-0: Ball 2-0: Called Strike 2-1: Ground out 4-3 (Groundball, 4, EV 80.0 MPH) Steve R Ontiveros to third
|
|
Batting: SHB Mike Hart
|
0-0: Foul Ball, location: 2F 0-1: Ball 1-1: Called Strike 1-2: Ball 2-2: Ball 3-2: Ground out 2-3 (Groundball, 2L, EV 68.1 MPH)
|
|
Batting: RHB Matt Rice
|
0-0: Ball 1-0: Swinging Strike 1-1: Reached on error, E6 (Groundball, 6, EV 83.1 MPH) Steve R Ontiveros scores
|
|
Batting: RHB Mark Brouhard
|
0-0: Called Strike 0-1: Called Strike 0-2: Strikes out looking
|
| Bottom of the 4th over - 1 run, 1 hit, 1 error, 1 left on base; Milwaukee 4 - Baltimore 2 |
| TOP OF THE 5TH |
|
Milwaukee Brewers batting - Pitching for Baltimore Orioles : RHP Rick Reuschel
|
|
Batting: RHB Glenn Davis
|
0-0: Called Strike 0-1: Ball 1-1: Swinging Strike 1-2: Ball 2-2: Ground out 5-3 (Groundball, 56, EV 101.3 MPH)
|
|
Batting: RHB Steve Sax
|
0-0: Called Strike 0-1: Ball 1-1: Ball 2-1: Fly out, F9 (Flyball, 89M, EV 91.3 MPH)
|
|
Batting: RHB Ken Landreaux
|
0-0: Ball 1-0: Foul Ball, location: 2F 1-1: Fly out, F3 (Popup, 3S, EV 71.3 MPH)
|
| Top of the 5th over - 0 runs, 0 hits, 0 errors, 0 left on base; Milwaukee 4 - Baltimore 2 |
| BOTTOM OF THE 5TH |
|
Baltimore Orioles batting - Pitching for Milwaukee Brewers : LHP Gary Lucas
|
|
Batting: RHB Dennis Werth
|
0-0: Ball 1-0: Foul Ball, location: 2F 1-1: Ground out 4-3 (Groundball, 4, EV 98.1 MPH)
|
|
Batting: RHB Marty G Barrett
|
0-0: Swinging Strike 0-1: Called Strike 0-2: Ball 1-2: Ball 2-2: Ground out 6-3 (Groundball, 6, EV 96.3 MPH)
|
|
Batting: RHB Gerry Davis
|
0-0: Ball 1-0: Fly out, F6 (Flyball, 5D, EV 83.8 MPH)
|
| Bottom of the 5th over - 0 runs, 0 hits, 0 errors, 0 left on base; Milwaukee 4 - Baltimore 2 |
| TOP OF THE 6TH |
|
Milwaukee Brewers batting - Pitching for Baltimore Orioles : RHP Rick Reuschel
|
|
Batting: RHB Kevin Buckley
|
0-0: Called Strike 0-1: Foul Ball, location: 2F 0-2: Reached on error, E6 (Groundball, 6, EV 101.3 MPH)
|
|
Batting: SHB Alfredo Griffin
|
0-0: Sac Bunt to 3S - play at first, batter OUT! 3-4 Kevin Buckley to second
|
|
Batting: LHB Von Hayes
|
0-0: Called Strike 0-1: Ball 1-1: DOUBLE (Line Drive, 78XD, EV 105.0 MPH) Kevin Buckley scores
|
|
Batting: SHB Eddie Murray
|
0-0: Ball Von Hayes steals 3rd, throwing error, E2 Von Hayes scores 1-0: Foul Ball, location: 2F 1-1: Ball 2-1: Foul Ball, location: 2F 2-2: Ball 3-2: Base on Balls
|
|
Pitching: RHP Oscar Silva
|
|
|
Batting: RHB Eric Davis
|
0-0: Foul Ball, location: 2F Pickoff Throw to First - Out! 1-3 0-1: Foul Ball, location: 2F 0-2: Ball 1-2: Ball 2-2: Ball 3-2: Base on Balls
|
|
Batting: RHB Mike Schmidt
|
0-0: Ball Pickoff Throw by Catcher to First - Error! E2 Eric Davis to second 1-0: Ball 2-0: Called Strike 2-1: Called Strike 2-2: Ball 3-2: Strikes out swinging
|
| Top of the 6th over - 2 runs, 1 hit, 3 errors, 1 left on base; Milwaukee 6 - Baltimore 2 |
| BOTTOM OF THE 6TH |
|
Baltimore Orioles batting - Pitching for Milwaukee Brewers : LHP Gary Lucas
|
|
Batting: RHB Ron Cey
|
0-0: Ball 1-0: Called Strike 1-1: Ball 2-1: Ball 3-1: Foul Ball, location: 2F 3-2: Fly out, F8 (Line Drive, 8RM, EV 105.0 MPH)
|
|
Batting: SHB Steve R Ontiveros
|
0-0: Swinging Strike 0-1: Fly out, F3 (Popup, 3SF, EV 85.0 MPH)
|
|
Batting: LHB Sid Bream
|
0-0: Foul Ball, location: 2F 0-1: Ball 1-1: Called Strike 1-2: Ball 2-2: Ball 3-2: Base on Balls
|
|
Batting: SHB Mike Hart
|
0-0: Ball 1-0: Ball Wild Pitch! Sid Bream to second 2-0: Fly out, F8 (Flyball, 89M, EV 94.4 MPH)
|
| Bottom of the 6th over - 0 runs, 0 hits, 0 errors, 1 left on base; Milwaukee 6 - Baltimore 2 |
| TOP OF THE 7TH |
|
Milwaukee Brewers batting - Pitching for Baltimore Orioles : RHP Oscar Silva
|
|
Batting: RHB Glenn Davis
|
0-0: Ball 1-0: Swinging Strike 1-1: Swinging Strike 1-2: Hit by Pitch
|
|
Batting: RHB Steve Sax
|
0-0: Ball 1-0: Ball 2-0: Ball 3-0: Base on Balls Glenn Davis to second
|
|
Batting: RHB Ken Landreaux
|
0-0: Called Strike 0-1: Swinging Strike 0-2: Ball 1-2: Strikes out looking
|
|
Batting: RHB Kevin Buckley
|
0-0: Called Strike 0-1: Ball 1-1: SINGLE (Groundball, 56D, EV 98.1 MPH) Glenn Davis to third Steve Sax to second Runner from 3rd tries for Home, SAFE, throw by LF to home
|
|
Batting: SHB Alfredo Griffin
|
0-0: Ball 1-0: Ball 2-0: Ball 3-0: Called Strike 3-1: Base on Balls Steve Sax to third Kevin Buckley to second
|
|
Batting: LHB Von Hayes
|
0-0: Ball 1-0: Ball 2-0: Ball 3-0: Base on Balls Steve Sax scores Kevin Buckley to third Alfredo Griffin to second
|
|
Batting: SHB Eddie Murray
|
0-0: Ball 1-0: Ball 2-0: Foul Ball, location: 2F 2-1: Ball 3-1: Swinging Strike 3-2: Base on Balls Kevin Buckley scores Alfredo Griffin to third Von Hayes to second
|
|
Pinch Hitting: LHB Harold Baines
|
0-0: Grounds into double play, 6-4-3 (Groundball, 6D, EV 84.4 MPH)
|
| Top of the 7th over - 3 runs, 1 hit, 0 errors, 2 left on base; Milwaukee 9 - Baltimore 2 |
| BOTTOM OF THE 7TH |
|
Baltimore Orioles batting - Pitching for Milwaukee Brewers : LHP Gary Lucas
|
|
Now in RF: Harold Baines
|
|
|
Batting: RHB Matt Rice
|
0-0: Foul Ball, location: 2F 0-1: Ball 1-1: Fly out, F7 (Line Drive, 7, EV 86.9 MPH)
|
|
Batting: RHB Mark Brouhard
|
0-0: Ball 1-0: Swinging Strike 1-1: Ball 2-1: Ground out 6-3 (Groundball, 56D, EV 102.5 MPH)
|
|
Batting: RHB Dennis Werth
|
0-0: Ball 1-0: Foul Ball, location: 2F 1-1: Fly out, F9 (Flyball, 9, EV 90.6 MPH)
|
| Bottom of the 7th over - 0 runs, 0 hits, 0 errors, 0 left on base; Milwaukee 9 - Baltimore 2 |
| TOP OF THE 8TH |
|
Milwaukee Brewers batting - Pitching for Baltimore Orioles : RHP Oscar Silva
|
|
Batting: RHB Mike Schmidt
|
0-0: Ball 1-0: Ball 2-0: Ball 3-0: Called Strike 3-1: Called Strike 3-2: Foul Ball, location: 2F 3-2: Foul Ball, location: 2F 3-2: Ground out 6-3 (Groundball, 6, EV 86.9 MPH)
|
|
Batting: RHB Glenn Davis
|
0-0: Ball 1-0: Ball 2-0: Called Strike 2-1: Ball 3-1: Base on Balls
|
|
Pitching: RHP Dave J Schmidt
|
|
|
Batting: RHB Steve Sax
|
0-0: Ground out 6-3 (Groundball, 6, EV 89.4 MPH) Glenn Davis to second
|
|
Batting: RHB Ken Landreaux
|
0-0: Called Strike 0-1: Foul Ball, location: 2F 0-2: Ball 1-2: Foul Ball, location: 2F 1-2: Ground out 4-3 (Groundball, 4, EV 98.1 MPH)
|
| Top of the 8th over - 0 runs, 0 hits, 0 errors, 1 left on base; Milwaukee 9 - Baltimore 2 |
| BOTTOM OF THE 8TH |
|
Baltimore Orioles batting - Pitching for Milwaukee Brewers : LHP Gary Lucas
|
|
Batting: RHB Marty G Barrett
|
0-0: Fly out, F9 (Flyball, 9LS, EV 77.5 MPH)
|
|
Batting: RHB Gerry Davis
|
0-0: Ball 1-0: Swinging Strike 1-1: Ground out 1-3 (Groundball, P, EV 65.0 MPH)
|
|
Batting: RHB Ron Cey
|
0-0: Foul Ball, location: 2F 0-1: Called Strike 0-2: Ball 1-2: Ball 2-2: Ground out 3-1 (Groundball, 34S, EV 65.6 MPH)
|
| Bottom of the 8th over - 0 runs, 0 hits, 0 errors, 0 left on base; Milwaukee 9 - Baltimore 2 |
| TOP OF THE 9TH |
|
Milwaukee Brewers batting - Pitching for Baltimore Orioles : RHP Dave J Schmidt
|
|
Pinch Hitting: RHB Dave Huppert
|
0-0: Called Strike 0-1: Ball 1-1: Ball 2-1: Ball 3-1: Fly out, F3 (Popup, 3SF, EV 85.6 MPH)
|
|
Batting: SHB Alfredo Griffin
|
0-0: Swinging Strike 0-1: Called Strike 0-2: Foul Ball, location: 2F 0-2: Foul Ball, location: 2F 0-2: Strikes out swinging
|
|
Batting: LHB Von Hayes
|
0-0: Ball 1-0: Ball 2-0: Ball 3-0: Called Strike 3-1: Foul Ball, location: 2F 3-2: Base on Balls
|
|
Batting: SHB Eddie Murray
|
0-0: Ball Von Hayes steals 2nd base 1-0: Ball 2-0: SINGLE (Groundball, 6MD, EV 108.8 MPH) Von Hayes to third Runner from 3rd tries for Home, SAFE, throw by CF to home
|
|
Batting: LHB Harold Baines
|
0-0: Called Strike 0-1: Ground out 4-3 (Groundball, 4, EV 80.6 MPH)
|
| Top of the 9th over - 1 run, 1 hit, 0 errors, 1 left on base; Milwaukee 10 - Baltimore 2 |
| BOTTOM OF THE 9TH |
|
Baltimore Orioles batting - Pitching for Milwaukee Brewers : LHP Gary Lucas
|
|
Now at C: Dave Huppert
|
|
|
Batting: SHB Steve R Ontiveros
|
0-0: Ball 1-0: Swinging Strike 1-1: Ball 2-1: Ball 3-1: SINGLE (Line Drive, 4M, EV 108.1 MPH)
|
|
Batting: LHB Sid Bream
|
0-0: Called Strike 0-1: Foul Ball, location: 2F 0-2: DOUBLE (Flyball, 78XD, EV 105.0 MPH) Steve R Ontiveros to third
|
|
Batting: SHB Mike Hart
|
0-0: Called Strike 0-1: Ball 1-1: Foul Ball, location: 2F 1-2: Foul Ball, location: 2F 1-2: Foul Ball, location: 2F 1-2: Ball 2-2: Ground out 6-3 (Groundball, 6, EV 91.3 MPH) Steve R Ontiveros scores
|
|
Batting: RHB Matt Rice
|
0-0: Called Strike 0-1: SINGLE (Line Drive, 78M, EV 101.9 MPH) Sid Bream to third
|
|
Batting: RHB Mark Brouhard
|
0-0: Ball 1-0: Ball 2-0: Ball 3-0: Base on Balls Matt Rice to second
|
|
Pitching: RHP Andy Messersmith
|
|
|
Batting: RHB Dennis Werth
|
0-0: Fly out, F7 (Flyball, 78M, EV 85.6 MPH)
|
|
Batting: RHB Marty G Barrett
|
0-0: Ball 1-0: Fly out, F7 (Flyball, 7, EV 85.0 MPH)
|
| Bottom of the 9th over - 1 run, 3 hits, 0 errors, 3 left on base; Milwaukee 10 - Baltimore 3 |
|